 Dungeon Crawl Stone Soup version 0.19.5 (webtiles) character file.

4961 mtsr the Cruncher (level 10, -3/86 HPs)
             Began as a Minotaur Fighter on Apr 2, 2017.
             Was an Elder of Ru.
             Slain by a killer bee (7 damage)
             ... on level 10 of the Dungeon.
             The game lasted 00:50:00 (6683 turns).

mtsr the Cruncher (Minotaur Fighter)                Turns: 6683, Time: 00:50:00

Health: -3/86      AC: 10    Str: 28    XL:     10   Next: 28%
Magic:  9/9        EV: 12    Int:  5    God:    Ru [****..]
Gold:   2          SH:  0    Dex: 17    Spells: 1 memorised, 8 levels left

rFire  . . .     SeeInvis .     q - +1 spear (vamp)
rCold  . . .     Gourm    +     b - +0 scale mail
rNeg   + . .     Faith    .     (no shield)
rPois  .         Spirit   .     (helmet restricted)
rElec  .         Reflect  .     (no cloak)
rCorr  +         Harm     .     j - +0 pair of gloves
MR     +....                    I - +0 pair of boots
Stlth  +.........               U - amulet "Gugief" {Gourm MR+ Str+5 Dex+6}
                                o - ring of positive energy
                                m - ring of resist corrosion

@: lethally poisoned (-3 -> -35), exhausted, about to teleport, no potions,
drained
A: retaliatory headbutt, horns 2, inability to drink while threatened, no earth
magic, no summoning magic, no transmutations magic, unskilled 1
a: Draw Out Power, Power Leap, Renounce Religion


You were on level 10 of the Dungeon.
You worshipped Ru.
Ru was greatly pleased with you.
You were not hungry.

You visited 2 branches of the dungeon, and saw 11 of its levels.

You collected 659 gold pieces.
You spent 657 gold pieces at shops.

Inventory:

Hand Weapons
 a - a +4 quarterstaff of chaos
 q - a +1 vampiric spear (weapon)
 s - a +0 shortbow
 x - a +2 war axe
 z - a +1 rapier of speed
 E - a +1 hunting sling of flaming
 G - a +4 quarterstaff
 K - a +3 dagger
 L - a cursed -1 falchion
 S - a +3 scimitar of flaming
Missiles
 A - 117 arrows
Armour
 b - a +0 scale mail (worn)
 c - a +0 shield
 j - a +0 pair of gloves (worn)
 y - a +0 cloak
 I - a +0 pair of boots (worn)
 J - a +0 pair of gloves
 R - a +0 pair of gloves
Magical Staves
 v - an uncursed staff of energy
Jewellery
 g - an uncursed ring of resist corrosion
 m - a ring of resist corrosion (left hand)
 o - a ring of positive energy (right hand)
 U - the amulet "Gugief" (around neck) {Gourm MR+ Str+5 Dex+6}
   (You bought it in a shop on level 9 of the Dungeon)

   [amulet of the gourmand]

   It allows you to eat raw meat even when not hungry.
   It affects your strength (+5).
   It affects your dexterity (+6).
   It affects your resistance to hostile enchantments.
Wands
 B - a wand of iceblast (11/15)
Scrolls
 e - 4 scrolls of amnesia
 i - 4 scrolls of remove curse
 r - a scroll of recharging
 u - a scroll of noise {unknown}
 H - a scroll of teleportation
 M - a scroll of enchant armour {unknown}
 P - a scroll of acquirement {unknown}
Potions
 d - a potion of haste {unknown}
 h - a potion of cancellation {unknown}
 k - a potion of flight {unknown}
 l - a potion of ambrosia {unknown}
 n - 2 potions of resistance {unknown}
 p - 2 potions of agility {unknown}
 t - 3 potions of degeneration {unknown}
 w - 3 potions of lignification {unknown}
 C - 2 potions of heal wounds {unknown}
 D - a potion of mutation {unknown}
 F - 4 potions of curing {unknown}
 N - a potion of might
Books
 O - a book of Cantrips

   Spells                             Type                      Level
   a - Confusing Touch                Hexes                        1
   b - Animate Skeleton               Necromancy                   1
   c - Summon Small Mammal            Summoning                    1
   d - Apportation                    Translocation                1
 T - a book of Clouds

   Spells                             Type                      Level
   a - Mephitic Cloud                 Conjuration/Poison/Air       3
   b - Conjure Flame                  Conjuration/Fire             3
   c - Poisonous Cloud                Conjuration/Poison/Air       6
   d - Freezing Cloud                 Conjuration/Ice/Air          6
   e - Ring of Flames                 Charms/Fire                  7
Comestibles
 f - 6 bread rations
 Q - 7 slices of pizza


   Skills:
 + Level 7.6(7.2) Fighting
 - Level 4.6(4.3) Axes
 + Level 0.2(7.1) Polearms
 + Level 10.7(10.4) Staves
 + Level 8.3(8.0) Armour
 + Level 3.3(3.0) Dodging
 + Level 2.4(2.1) Stealth
 + Level 4.4(4.1) Shields


You had 8 spell levels left.
You knew the following spells:

 Your Spells              Type           Power        Failure   Level  Hunger
a - Apportation           Tloc           #.........   90%         1    ##.....


Dungeon Overview and Level Annotations

Branches:
Dungeon (10/15)            Temple (1/1) D:7            Lair (0/6) D:10
    Orc: D:9-12

Altars:
Ashenzari
Cheibriados
Dithmenos
Elyvilon
Fedhas
Gozag
Hepliaklqana
Kikubaaqudgha
Makhleb
Nemelex Xobeh
Okawaru
Qazlal
Ru
Sif Muna
Trog
Uskayaw
Vehumet
Xom
Yredelemnul
Zin
The Shining One

Shops:
D:6 *   D:9 =


Innate Abilities, Weirdness & Mutations

You reflexively headbutt those who attack you in melee.
You have a pair of horns on your head.
You cannot drink potions while threatened.
You cannot study or cast Earth magic.
You cannot study or cast Summoning magic.
You cannot study or cast Transmutations magic.
You are somewhat unskilled. (-1 Apt)


Message History

* * * LOW HITPOINT WARNING * * *
You feel sick.
The killer bee barely misses you. x2; You furiously retaliate!
You headbutt the killer bee! The killer bee closely misses you.
The killer bee stings you but does no damage.
The killer bee closely misses you. The killer bee barely misses you.
You miss the killer bee.
The killer bee is almost dead.
* * * LOW HITPOINT WARNING * * *
You feel sick.
The killer bee stings you but does no damage.
The killer bee stings you.
* * * LOW HITPOINT WARNING * * *
You are more poisoned.
The killer bee poisons you!
The killer bee stings you but does no damage.
The killer bee is stunned by your will and fails to attack.
The killer bee closely misses you.
The killer bee stings you but does no damage. x2
The killer bee stings you!
You die...

≈≈........#
≈≈........###
≈........#..##
.........#...##
%.......#.....##
....!..?.......##
................#
............yy.##
...........y@...#.
...........yy..#...#
.......5...........#
#..................#
#....≈≈≈...........#
#.#.≈≈≈≈≈..........#
##..≈≈≈≈≈..........#
#...≈≈≈≈≈..........#
###....≈≈≈...........#


You could see 5 killer bees and a crimson imp.

Vanquished Creatures
  Erica (D:9)
  A two-headed ogre (D:9)
  A hornet (D:8)
  A spriggan (D:8)
  Menkaure (D:7)
  A water moccasin (D:5)
  Duvessa (D:4)
  4 sky beasts
  An orc warrior (D:9)
  Purgy (D:4)
  An ice beast (D:7)
  A phantom (D:5)
  3 ogres
  5 centaurs
  2 big kobolds
  A bullfrog (D:9)
  A wyvern zombie (D:10)
  Dowan (D:4)
  3 scorpions
  8 killer bees
  5 howler monkeys
  2 electric eels (D:10)
  2 jellies
  5 crimson imps
  A quasit (D:8)
  2 orc priests (D:4)
  A centaur zombie (D:5)
  3 hounds (D:7)
  4 orc wizards
  4 bullfrog skeletons
  Crazy Yiuf (D:3)
  3 iguanas
  2 worker ants
  A hound skeleton (D:8)
  2 worker ant zombies (D:7)
  8 gnolls (D:6)
  6 adders
  3 shadow imps
  2 oozes
  An ooze (shapeshifter) (D:9)
  An adder skeleton (D:8)
  A worm (D:2)
  A dart slug (D:4)
  2 leopard geckos
  27 orcs
  2 giant cockroaches
  6 goblins
  4 hobgoblins
  6 jackals
  3 quokkas
  5 bats
  5 frilled lizards
  11 kobolds
  A leopard gecko skeleton (D:4)
  A quokka zombie (D:5)
  6 rats
  A butterfly (D:7)
180 creatures vanquished.

Notes
Turn   | Place    | Note
-------+----------+-------------------------------------------
     0 | D:1      | mtsr the Minotaur Fighter began the quest for the Orb.
     0 | D:1      | Reached XP level 1. HP: 19/19 MP: 0/0
   253 | D:1      | Reached XP level 2. HP: 26/27 MP: 1/1
   730 | D:2      | Found a sacrificial altar of Ru.
   855 | D:2      | Reached XP level 3. HP: 33/33 MP: 2/2
  1154 | D:2      | Found a white marble altar of Elyvilon.
  1302 | D:2      | Became a worshipper of Ru the Awakened
  1415 | D:3      | Reached XP level 4. HP: 39/41 MP: 3/3
  1784 | D:3      | Found a runed door.
  1788 | D:3      | Noticed Crazy Yiuf
  1793 | D:3      | Killed Crazy Yiuf
  2018 | D:4      | Noticed Duvessa
  2020 | D:4      | Noticed Dowan
  2023 | D:4      | Killed Duvessa
  2023 | D:4      | Reached skill level 1 in Dodging
  2023 | D:4      | Reached XP level 5. HP: 42/47 MP: 4/4
  2029 | D:4      | Killed Dowan
  2029 | D:4      | Reached skill level 1 in Staves
  2029 | D:4      | Reached XP level 6. HP: 47/55 MP: 5/5
  2041 | D:4      | Reached skill level 5 in Fighting
  2049 | D:4      | Reached skill level 5 in Axes
  2049 | D:4      | Reached skill level 5 in Armour
  2099 | D:4      | Noticed Purgy
  2105 | D:4      | Killed Purgy
  2105 | D:4      | Reached skill level 2 in Staves
  2107 | D:4      | Reached XP level 7. HP: 47/61 MP: 6/6
  2342 | D:4      | Gained mutation: You cannot study or cast Earth magic. [Ru sacrifice]
  2342 | D:4      | Gained mutation: You cannot study or cast Transmutations magic. [Ru sacrifice]
  2342 | D:4      | Gained mutation: You cannot study or cast Summoning magic. [Ru sacrifice]
  2342 | D:4      | Reached * piety under Ru
  2726 | D:4      | Reached skill level 3 in Staves
  2730 | D:5      | Entered Level 5 of the Dungeon
  2879 | D:5      | Reached skill level 4 in Staves
  3042 | D:5      | Reached skill level 5 in Staves
  3145 | D:5      | Found a snail-covered altar of Cheibriados.
  3312 | D:5      | Found a shattered altar of Ashenzari.
  3411 | D:5      | Reached XP level 8. HP: 64/70 MP: 7/7
  3475 | D:5      | Reached skill level 6 in Staves
  3842 | D:6      | Reached skill level 1 in Stealth
  3897 | D:6      | Found Jecu's Assorted Antiques.
  4176 | D:6      | Reached skill level 7 in Staves
  4192 | D:6      | Gained mutation: You are somewhat unskilled. (-1 Apt) [Ru sacrifice]
  4192 | D:6      | Reduced skill Fighting to level 5
  4192 | D:6      | Reduced skill Staves to level 6
  4192 | D:6      | Reached ** piety under Ru
  4192 | D:6      | Reached *** piety under Ru
  4476 | D:7      | Reached skill level 1 in Stealth
  4550 | D:7      | Noticed Menkaure
  4568 | D:7      | Killed Menkaure
  4568 | D:7      | Reached skill level 7 in Staves
  4606 | D:7      | Reached XP level 9. HP: 24/75 MP: 8/8
  4667 | D:7      | Found a staircase to the Ecumenical Temple.
  4694 | Temple   | Entered the Ecumenical Temple
  4911 | D:7      | Found a blossoming altar of Fedhas.
  4921 | D:7      | Found a glowing silver altar of Zin.
  4931 | D:7      | Found a shimmering altar of Xom.
  4934 | D:7      | Found a radiant altar of Vehumet.
  4954 | D:7      | Found a shadowy altar of Dithmenos.
  5137 | D:8      | Reached skill level 8 in Staves
  5266 | D:8      | Found a sacrificial altar of Ru.
  5612 | D:9      | Reached skill level 9 in Staves
  5622 | D:9      | Learned a level 1 spell: Apportation
  5745 | D:9      | Noticed Erica
  5754 | D:9      | Killed Erica
  5754 | D:9      | Reached skill level 10 in Staves
  5754 | D:9      | Reached XP level 10. HP: 37/86 MP: 9/9
  5784 | D:9      | Found an iron altar of Okawaru.
  5789 | D:9      | Gained mutation: You cannot drink potions while threatened. [Ru sacrifice]
  5789 | D:9      | Reached **** piety under Ru
  5984 | D:9      | Found Ezae's Jewellery Shop.
  6407 | D:10     | Entered Level 10 of the Dungeon
  6443 | D:10     | Found a staircase to the Lair.
  6625 | D:9      | Bought the amulet "Gugief" {Gourm MR+ Str+5 Dex+6} for 657 gold pieces
  6683 | D:10     | HP: 4/86 [killer bee (2)]
  6683 | D:10     | Slain by a killer bee

Skill      XL: |  1  2  3  4  5  6  7  8  9 |
---------------+----------------------------+-----
Fighting       | 4 5 6 7 |  7.6
Shields        | 4 |  4.4
Axes           | 3 4 5 4 |  4.6
Armour         | 4 5 6 7 8 |  8.3
Dodging        | 1 2 3 |  3.3
Staves         | 1 2 5 7 10 | 10.7
Stealth        | 1 2 |  2.4
Polearms       | |  0.2

Action                   |  1- 3 |  4- 6 |  7- 9 | 10-12 || total
-------------------------+-------+-------+-------+-------++-------
Melee: War axe           |    95 |    17 |       |       ||   112
       Headbutt          |    10 |     9 |    53 |    18 ||    90
       Quarterstaff      |       |    29 |   281 |    57 ||   367
       Spear             |       |       |       |    37 ||    37
Invok: Sacrifice Arcana  |       |       |     1 |       ||     1
       Draw Out Power    |       |       |     1 |     2 ||     3
       Sacrifice Skill   |       |       |     1 |       ||     1
       Sacrifice Drink   |       |       |       |     1 ||     1
  Use: Scroll            |       |     4 |    11 |     3 ||    18
       Potion            |       |       |     1 |       ||     1
 Stab: Paralysed         |       |       |     2 |       ||     2
       Distracted        |       |       |     2 |       ||     2
       Invisible         |       |       |     1 |     1 ||     2
       Petrifying        |       |       |     1 |       ||     1
  Eat: Pizza             |     1 |       |       |     1 ||     2
       Meat ration       |       |     1 |     1 |     1 ||     3
       Beef jerky        |       |       |     1 |       ||     1
       Bread ration      |       |       |     1 |       ||     1
Armor: Scale mail        |    36 |    30 |    85 |    41 ||   192
Dodge: Dodged            |    19 |    17 |   136 |    74 ||   246
Block: Shield            |    47 |     5 |       |       ||    52
